 Dungeon Crawl Stone Soup version 0.20.1-1-g8b1a95d (webtiles) character file.

84 Linguinho the Digger (level 4, -1/34 HPs)
             Began as a Draconian Earth Elementalist on Oct 31, 2017.
             Slain by a hobgoblin
             ... wielding a +0 club
              (2 damage)
             ... on level 2 of the Dungeon.
             The game lasted 00:03:59 (1170 turns).

Linguinho the Digger (Draconian Earth Elementalist) Turns: 1170, Time: 00:04:00

Health: -1/34      AC:  5    Str: 10    XL:     4   Next: 23%
Magic:  8/8        EV: 12    Int: 16    God:
Gold:   81         SH:  0    Dex: 12    Spells: 8/9 levels left

rFire    . . .     SeeInvis .   k - -2 spear (curse)
rCold    . . .     Gourm    .   (no shield)
rNeg     . . .     Faith    .   (armour unavailable)
rPois    .         Spirit   .   (helmet restricted)
rElec    .         Reflect  .   (no cloak)
rCorr    .         Harm     .   (no gloves)
MR       .....                  (no boots)
Stlth    ++........             (no amulet)
Regen    0.2/turn               (no ring)
MPRegen  0.2/turn               (no ring)

@: no status effects
A: unfitting armour, cold-blooded, AC +5
a: no special abilities


You were on level 2 of the Dungeon.
You were not hungry.

You visited 1 branch of the dungeon, and saw 2 of its levels.

You collected 81 gold pieces.

Inventory:

Hand Weapons
 k - a cursed -2 spear (weapon)
Jewellery
 g - a cursed ring of teleportation {unknown}
Scrolls
 a - a scroll of fear {unknown}
 f - 2 scrolls of teleportation {unknown}
Potions
 e - a potion of mutation {unknown}
 h - a potion of ambrosia {unknown}
 i - a potion of brilliance {unknown}
 l - a potion of curing {unknown}
 m - 2 potions of magic {unknown}
Books
 d - a book of Geomancy

   Spells                             Type                      Level
   a - Sandblast                      Earth                        1
   b - Passwall                       Transmutation/Earth          2
   c - Stone Arrow                    Conjuration/Earth            3
   d - Petrify                        Transmutation/Earth          4
   e - Lee's Rapid Deconstruction     Earth                        5
Comestibles
 c - a bread ration


   Skills:
 + Level 0.4 Fighting
 - Level 1.9 Dodging
 - Level 1.9 Stealth
 + Level 3.1 Spellcasting
   Level 1.0 Transmutations
 + Level 4.0 Earth Magic


You had 8 spell levels left.
You knew the following spells:

 Your Spells              Type           Power        Failure   Level  Hunger
a - Sandblast             Erth           ###...       3%          1    None


Dungeon Overview and Level Annotations

Branches:
Dungeon (2/15)

Altars:
Trog
Vehumet


Innate Abilities, Weirdness & Mutations

Your plain brown scales are hard. (AC +5)
You cannot fit into any form of body armour.
You are cold-blooded and may be slowed by cold attacks.


Message History

You hit the hobgoblin.
The hobgoblin is heavily wounded.
The hobgoblin hits you but does no damage.
You closely miss the hobgoblin. You tail-slap the hobgoblin.
The hobgoblin is severely wounded.
The hobgoblin barely misses you.
You hit the hobgoblin but do no damage.
The hobgoblin is severely wounded.
The hobgoblin misses you.
You barely miss the hobgoblin.
Your tail-slap misses the hobgoblin.
The hobgoblin is severely wounded.
The hobgoblin hits you with a club.
* * * LOW HITPOINT WARNING * * *
You hit the hobgoblin but do no damage.
The hobgoblin is severely wounded.
The hobgoblin barely misses you.
You hit the hobgoblin but do no damage.
The hobgoblin is severely wounded.
The hobgoblin hits you with a club.
You die...

####### ########.....#
.............####
.............##..
.............##.######
.............##.#.....
..............#....#
..............#....##########
................@g..........##.
........########...########.##.#
...#.....<.....#......# #.# ..
...#...............##.# #.# #.#
...#..........##...# # ###.# #..
..†#..................###...####.
...#..........##...###....####...
...#############...###.##.####...
...# #.............


You could see a hobgoblin.

Vanquished Creatures
  3 gnolls (D:1)
  An adder (D:2)
  A worm (D:2)
  3 dart slugs (D:1)
  2 giant cockroaches
  A goblin (D:1)
  6 hobgoblins (D:1)
  5 jackals (D:2)
  6 kobolds (D:1)
  3 bats (D:1)
  A frilled lizard (D:2)
  5 rats
37 creatures vanquished.

Notes
Turn   | Place    | Note
-------+----------+-------------------------------------------
     0 | D:1      | Linguinho the Draconian Earth Elementalist began the quest for the Orb.
     0 | D:1      | Reached XP level 1. HP: 14/14 MP: 3/3
   149 | D:1      | Reached XP level 2. HP: 20/20 MP: 3/5
   823 | D:1      | Reached XP level 3. HP: 26/26 MP: 4/6
   959 | D:1      | Reached skill level 4 in Earth Magic
  1002 | D:2      | Found a bloodstained altar of Trog.
  1003 | D:2      | Found a radiant altar of Vehumet.
  1017 | D:2      | Reached XP level 4. HP: 30/33 MP: 8/8
  1163 | D:2      | HP: 1/34 [hobgoblin/club (3)]
  1168 | D:2      | HP: 1/34 [hobgoblin/club (1)]
  1170 | D:2      | Slain by a hobgoblin

Skill      XL: |  1  2  3 |
---------------+----------+-----
Earth Magic    | 4 |  4.0
Spellcasting   | 3 |  3.1
Fighting       | |  0.4
Dodging        | |  1.9
Stealth        | |  1.9
Transmutations | |  1.0

Action                   |  1- 3 |  4- 6 || total
-------------------------+-------+-------++-------
Melee: Unarmed           |    43 |       ||    43
       Tailslap          |     6 |     2 ||     8
       Spear             |    12 |    46 ||    58
 Cast: Sandblast         |    38 |     2 ||    40
 Stab: Sleeping          |       |     1 ||     1
  Eat: Chunk             |     1 |       ||     1
Armor: Skin              |    25 |    35 ||    60
Dodge: Dodged            |    55 |    66 ||   121
